AoeStats
← | ArCas | Toruk Makto

Black Forest

508518382Analyzed
4v4 RM · 8d ago on Sep 22, 2026· 49m 51s· 8 players
Game mode
Random Map
Map size
Large (8 player)
Population
200
Speed
Normal
Resources
Standard
Victory
Conquest
Starting age
Dark Age
Ending age
Imperial Age
RankedLock teamsTeams togetherTeam positionsShared explorationLock speedFull tech treeHidden civsTurbo modeCheats
Victory
Defeat
🇭🇺 Huns · Hungary
1370
+15
🇩🇪 Danes · Germany
1344
+16
🇧🇷 Franks · Brazil
1303
+18
🇦🇷 Italians · Argentina
1293
+17
🇩🇪 Vikings · Germany
1379
-18
🇪🇸 Britons · Spain
1337
-16
🇲🇽 Lithuanians · Mexico
1329
-16
🇦🇷 Berbers · Argentina
1322
-16
[Zelda] Skull kid
0:33 Loom
18:06 Feudal Age
25:42 Double-Bit Axe
28:25 Castle Age
27:20 Horse Collar
33:46 Imperial Age
35:22 Conscription
36:13 Town Watch
37:27 Onager
41:59 Chemistry
41:41 Bow Saw
47:02 Scale Barding Armor
jose1998maria
0:55 Loom
14:01 Feudal Age
14:39 Town Watch
14:40 Double-Bit Axe
17:54 Fletching
18:58 Wheelbarrow
18:18 Horse Collar
23:28 Castle Age
22:15 Stone Mining
23:39 Gold Mining
24:24 Bow Saw
24:16 Heavy Plow
24:47 Forging
24:35 Bodkin Arrow
26:31 Gold Shaft Mining
31:32 Fortified Wall
36:28 Imperial Age
34:14 Padded Archer Armor
36:38 Hand Cart
37:10 Ballistics
37:07 Masonry
37:00 Elite Longbowman
38:47 Chemistry
37:54 Bracer
39:00 Two-Man Saw
39:24 Conscription
40:02 Yeomen
39:33 Sappers
40:25 Conscription
40:48 Scale Mail Armor
40:58 Forging
40:20 Pikeman
41:00 Squires
40:46 Gambesons
40:57 Halberdier
41:51 Masonry
41:21 Treadmill Crane
42:53 Chain Mail Armor
43:13 Iron Casting
46:29 Plate Mail Armor
47:00 Blast Furnace
45:56 Guard Tower
45:51 Arrowslits
46:41 Architecture
46:02 Guard Tower
47:30 Murder Holes
contrau1
11:02 Feudal Age
12:12 Loom
15:15 Castle Age
13:34 Double-Bit Axe
23:44 Fishing Lines
25:21 Bow Saw
29:56 Imperial Age
28:50 Town Watch
29:37 Forging
29:28 Scale Mail Armor
31:13 Conscription
30:59 Chieftains
31:45 Chain Mail Armor
32:06 Iron Casting
32:16 Arson
32:31 Squires
31:52 Elite Varangian Guard
33:04 Plate Mail Armor
32:32 Horse Collar
34:51 Blast Furnace
33:41 Fletching
33:51 Padded Archer Armor
36:15 Two-Man Saw
34:57 Elite Skirmisher
35:55 Pikeman
37:36 Bodkin Arrow
38:23 Heavy Plow
41:43 Ballistics
42:23 Chemistry
41:33 Bracer
41:49 Leather Archer Armor
47:21 Ring Archer Armor
47:36 Crop Rotation
| ArCas | Toruk Makto
10:22 Feudal Age
14:21 Loom
17:18 Castle Age
15:51 Double-Bit Axe
16:25 Horse Collar
17:23 Bloodlines
18:56 Forging
23:30 Scale Barding Armor
24:18 Heavy Plow
27:51 Wheelbarrow
31:09 Imperial Age
29:10 Hand Cart
29:33 Husbandry
29:40 Gold Mining
30:51 Iron Casting
30:35 Town Watch
30:45 Stone Mining
31:14 Cavalier
32:26 Chain Barding Armor
33:19 Chemistry
33:08 Gold Shaft Mining
33:09 Stone Shaft Mining
34:13 Blast Furnace
34:28 Ballistics
35:36 Plate Barding Armor
35:57 Fletching
36:08 Padded Archer Armor
37:37 Conscription
37:55 Masonry
37:40 Murder Holes
37:55 Kasbah
41:44 Bow Saw
42:06 Crop Rotation
41:38 Bodkin Arrow
41:59 Leather Archer Armor
41:47 Maghrebi Camels
44:31 Light Cavalry
45:05 Guard Tower
44:59 Treadmill Crane
45:22 Bracer
45:53 Ring Archer Armor
44:52 Elite Camel Archer
46:08 Hoardings
w h i z.
0:51 Loom
13:06 Feudal Age
13:13 Man-at-Arms
14:28 Horse Collar
21:31 Wheelbarrow
24:30 Castle Age
22:53 Gold Mining
25:26 Heavy Plow
25:13 Double-Bit Axe
24:51 Long Swordsman
26:26 Bow Saw
32:17 Town Watch
35:23 Imperial Age
34:03 Hand Cart
34:09 Scale Mail Armor
34:20 Forging
34:31 Gambesons
34:47 Squires
35:06 Chain Mail Armor
34:32 Pikeman
35:30 Two-Handed Swordsman
35:46 Hamask
36:47 Conscription
37:30 Plate Mail Armor
37:35 Iron Casting
36:30 Champion
38:45 Iron Casting
44:17 Blast Furnace
43:08 Fletching
43:54 Halberdier
44:54 Caravan
44:48 Elite Varangian Guard
46:19 Arson
49:52 Ballistics
50:33 Chemistry
AJR86
10:06 Loom
11:52 Feudal Age
19:23 Castle Age
18:00 Double-Bit Axe
17:57 Horse Collar
22:01 Bow Saw
25:11 Fishing Lines
26:14 Heavy Plow
26:15 Gillnets
27:23 Wheelbarrow
28:14 Gold Mining
28:16 Stone Mining
29:21 Hand Cart
32:35 Gold Shaft Mining
32:08 Scale Barding Armor
35:55 Imperial Age
33:16 Fletching
34:02 Bodkin Arrow
34:08 Padded Archer Armor
34:40 Ballistics
36:08 Leather Archer Armor
36:06 Forging
36:09 Thumb Ring
36:48 Bloodlines
36:02 Heavy Cavalry Archer
37:10 Parthian Tactics
36:06 Heavy Cavalry Archer
36:47 Bracer
39:13 Chemistry
38:36 Chain Barding Armor
38:19 Husbandry
38:31 Cavalier
39:59 Caravan
40:34 Parthian Tactics
40:47 Plate Barding Armor
40:48 Iron Casting
40:49 Conscription
40:04 Paladin
43:02 Blast Furnace
41:29 Elite Skirmisher
_Carp_
0:30 Loom
15:34 Feudal Age
23:58 Castle Age
22:12 Fletching
22:25 Fishing Lines
23:26 Double-Bit Axe
24:49 Bodkin Arrow
26:30 Padded Archer Armor
27:03 Gillnets
34:21 Imperial Age
32:58 Wheelbarrow
32:09 Town Watch
33:05 Fortified Wall
33:19 Ballistics
34:31 Hand Cart
36:07 Chemistry
36:39 Horse Collar
37:26 Conscription
37:24 Elite Skirmisher
38:56 Bracer
39:11 Leather Archer Armor
39:49 Silk Road
41:36 Bombard Tower
41:12 Murder Holes
40:57 Treadmill Crane
41:28 Masonry
41:55 Caravan
42:21 Gold Mining
42:21 Stone Mining
42:45 Bow Saw
44:18 Hoardings
44:53 Ring Archer Armor
44:34 Forging
44:24 Scale Mail Armor
44:37 Thumb Ring
46:20 Sanctity
49:09 Architecture
49:17 Pikeman
49:58 Squires
49:43 Arson
eletronvalente
5:43 Loom
10:13 Feudal Age
15:19 Castle Age
14:12 Double-Bit Axe
24:44 Bow Saw
24:21 Town Watch
28:07 Wheelbarrow
32:10 Imperial Age
29:47 Husbandry
30:00 Forging
29:51 Scale Mail Armor
29:56 Scale Barding Armor
29:53 Scale Mail Armor
30:46 Scale Barding Armor
31:17 Iron Casting
30:40 Pikeman
31:21 Squires
31:06 Gambesons
31:08 Arson
31:40 Chain Mail Armor
31:20 Light Cavalry
33:22 Coinage
32:53 Caravan
32:17 Cavalier
32:21 Halberdier
34:20 Chemistry
33:42 Ballistics
34:37 Conscription
34:06 Paladin
34:43 Elite Skirmisher
35:56 Hand Cart
36:54 Gold Mining
36:54 Stone Mining
37:34 Chain Barding Armor
37:06 Fletching
37:54 Plate Mail Armor
38:53 Blast Furnace
39:56 Plate Barding Armor
39:41 Bodkin Arrow
39:46 Padded Archer Armor
42:07 Chivalry
48:27 Leather Archer Armor
Connection lost

Rejoining the realm…

Still unreachable

The connection could not be restored.

Session expired

The server has moved on; the page needs a fresh start.